 Dungeon Crawl Stone Soup version 0.27.0-1-g7a089689b8 (webtiles) character file.

Game seed: 18058911507790794052

23744 thirtiethelement the Thaumaturge (level 12, 0/89 HPs)
             Began as a Demonspawn Abyssal Knight on Aug 11, 2021.
             Was the Champion of Lugonu.
             Collided with a rock wall (17 damage)
             ... caused by a rakshasa
             ... on level 13 of the Dungeon.
             The game lasted 01:07:28 (17075 turns).

thirtiethelement the Thaumaturge (DsAK)            Turns: 17075, Time: 01:07:31

Health: 0/89       AC: 19    Str: 14    XL:     12   Next: 74%
Magic:  12/25      EV: 13    Int: 24    God:    Lugonu [******]
Gold:   1019       SH:  0    Dex: 14    Spells: 21/30 levels left

rFire    . . .     SeeInvis .   I - +6 short sword (speed)
rCold    . . .     Faith    .   (no shield)
rNeg     . . .     Spirit   .   x - +0 leather armour {rPois}
rPois    +         Reflect  .   W - +1 hat {Will+}
rElec    .         Harm     .   J - +1 cloak {Will+}
rCorr    .         Rampage  .   l - +0 pair of gloves
Will     ++...                  (no boots)
Stlth    +++++.....             (no amulet)
HPRegen  0.24/turn              n - +6 ring of intelligence
MPRegen  0.19/turn              d - +4 ring of protection

@: ice-armoured, freezing walls
A: hooves 1, thin skeletal structure 1, powered by death 2, demonic magic 1
a: Renounce Religion, Depart the Abyss, Bend Space, Banish, Corrupt, Enter the
Abyss, Brand Weapon With Distortion


You were on level 13 of the Dungeon.
You worshipped Lugonu.
Lugonu was exalted by your worship.
You visited 1 branch of the dungeon, and saw 13 of its levels.
You visited the Abyss 2 times.
You also visited: Sewer.

You collected 1161 gold pieces.
You spent 142 gold pieces at shops.

Inventory:

Hand Weapons
 a - a +2 falchion of venom
 b - the +11 triple crossbow "Anodoy" {freeze, Fragile rPois rF+}
   (You acquired it on level 5 of the Dungeon)

   Any ammunition fired from it freezes those it strikes, dealing additional
   cold damage.
   It can also slow down cold-blooded creatures.
   rF:        It protects you from fire.
   rPois:     It protects you from poison.
   Fragile:   It will be destroyed if unequipped.
 m - a +1 dagger of distortion
 q - a +2 vorpal shortbow
 I - a +6 short sword of speed (weapon)
 T - the +6 trident of Beyond {elec, *Noise Will++ Int+3 Stlth+}
   (You found it on level 10 of the Dungeon)

   It occasionally discharges a powerful burst of electricity upon striking a
   foe.
   Int:       It affects your intelligence (+3).
   *Noise:    It may make noises in combat.
   Will:      It greatly increases your willpower.
   Stlth:     It makes you more stealthy.
Missiles
 o - a throwing net
 v - 18 boomerangs (quivered)
 C - 324 arrows
Armour
 l - a +0 pair of gloves (worn)
 s - a +2 plate armour of fire resistance
 x - a +0 leather armour of poison resistance (worn)
 J - a +1 cloak of willpower (worn)
 W - a +1 hat of willpower (worn)
Magical Staves
 L - a staff of fire
Jewellery
 c - a ring of positive energy
 d - a +4 ring of protection (right hand)
 n - a +6 ring of intelligence (left hand)
 P - a ring of wizardry
 Q - a ring of ice
Wands
 p - a wand of acid (13)
 t - a wand of digging (12)
 w - a wand of charming (9)
 y - a wand of iceblast (9)
 D - a wand of flame (8)
 H - a wand of polymorph (15)
 N - a wand of paralysis (6)
Scrolls
 h - 3 scrolls of fear
 r - 7 scrolls of teleportation
 E - 2 scrolls of fog
 K - a scroll of magic mapping
 M - 2 scrolls of identify
 R - 2 scrolls of amnesia
 S - 2 scrolls of summoning
Potions
 e - a potion of magic
 f - 2 potions of haste
 g - 4 potions of curing
 i - 6 potions of attraction
 j - 2 potions of berserk rage
 k - 3 potions of heal wounds
 u - 4 potions of flight
 z - 2 potions of might
 A - 2 potions of lignification
 B - 2 potions of mutation {unknown}
 G - 4 potions of degeneration {unknown}
 U - a potion of brilliance {unknown}
Miscellaneous
 O - a phantom mirror
 V - a condenser vane


   Skills:
 + Level 6.6 Fighting
 + Level 3.2(5.2) Short Blades
 + Level 6.2(6.6) Long Blades
 + Level 4.1 Bows
 + Level 1.9 Throwing
 + Level 4.5 Armour
 + Level 4.4 Dodging
 + Level 8.8 Stealth
 + Level 0.2 Unarmed Combat
 + Level 9.9 Spellcasting
 + Level 0.2 Hexes
 + Level 9.6 Ice Magic
 + Level 2.6 Invocations
 + Level 0.9 Evocations


You had 21 spell levels left.
You knew the following spells:

 Your Spells              Type           Power      Damage    Failure   Level
a - Freeze                Ice            100%       1d11      1%          1
b - Ensorcelled Hibernat  Hex/Ice        70%        N/A       1%          2
c - Frozen Ramparts       Ice            100%       1d12      1%          3
d - Ozocubu's Armour      Ice            55%        N/A       1%          3

Your spell library contained the following spells:

 Spells                   Type           Power      Damage    Failure   Level
 Corona                   Hex            13%        N/A       6%          1
 Hailstorm                Conj/Ice       35%        3d9       9%          4
 Sublimation of Blood     Necr           5%         N/A       10%         2
 Tukima's Dance           Hex            12%        N/A       19%         3
 Olgreb's Toxic Radiance  Pois           11%        N/A       54%         4
 Petrify                  Tmut/Erth      11%        N/A       54%         4
 Ozocubu's Refrigeration  Ice            27%        4d10      71%         7
 Irradiate                Conj/Tmut      5%         3d15      88%         5
 Ignition                 Fire           5%         3d4       100%        8


Dungeon Overview and Level Annotations

Branches:
Dungeon (13/15)            Temple (0/1) D:4            Lair (0/6) D:8
    Orc (0/2) D:10          Sewer (visited)
 Vaults: D:13-14

Altars:
Ashenzari
Elyvilon
Fedhas
Nemelex Xobeh
Ru
Trog
Wu Jian
Zin
The Shining One

Shops:
D:4 *


Innate Abilities, Weirdness & Mutations

You have large cloven feet.
You have a somewhat thin skeletal structure. (Dex +2, Stealth+)
You regenerate health from kills.
Spells you cast may paralyse adjacent enemies.


Message History

The rakshasa is moderately wounded.
Malevolent energies surge around you.
The wall freezes the rakshasa.
The rakshasa barely misses you.
Casting: Freeze (safe; 1% risk of failure)
Confirm with . or Enter, or press ? or * to list all spells.
Aiming: Freeze (safe; 1% risk of failure)
Press: ? - help, Shift-Dir - straight line, f/p - rakshasa
Aim: a rakshasa, wielding a +0 scythe and wearing a +0 robe (moderately wounded)
You freeze the rakshasa!
The rakshasa is heavily wounded.
Malevolent energies surge around you.
The injured rakshasa weaves a defensive illusion!
The wall freezes the rakshasa.
The rakshasa gestures at you. The lance of force hits you!
You are knocked back by the lance of force.
You slam into the rock wall!
Casting: Freeze (safe; 1% risk of failure)
Confirm with . or Enter, or press ? or * to list all spells.
Aiming: Freeze (safe; 1% risk of failure)
Press: ? - help, Shift-Dir - straight line, f - rakshasa
Aim: a rakshasa, wielding a +0 scythe and wearing a +0 robe (severely wounded)
You freeze the rakshasa!
The rakshasa is almost dead.
Malevolent energies surge around you.
The wall freezes the rakshasa!
You kill the rakshasa!
The wall freezes the rakshasa!
The rakshasa hits you from afar with a +0 scythe.
Throw: 18 boomerangs
Press: ? - help, Q - select action, (/) - cycle Shift-Dir - straight line, f - rakshasa
Aim: a rakshasa, wielding a +0 scythe and wearing a +0 robe (severely wounded, 48% to hit)
You throw a boomerang.
The boomerang closely misses the rakshasa.
The wall freezes the rakshasa.
The rakshasa gestures at you. The lance of force hits you!
* * * LOW HITPOINT WARNING * * *
You are knocked back by the lance of force.
You slam into the rock wall!
You die...

#........†# #
#...
#........†##.#
#...
#............#
#...
#.........####
#...
#..^......#
##'#
.........# #..
#######.## ##.
####....# #.
#.@..#### #.
###'########
####
#..R†.......
#...
#..R........
#...
#...........
#...
#...........
#...
#...........
#...
#...........
+...
#...........
#...


You could see 2 rakshasas.

Vanquished Creatures
  Gastronok (D:11)
  Kirke (D:12)
  A centaur warrior (D:13)
  Erolcha (D:9)
  3 two-headed ogres
  Sonja (D:12)
  Pikel (D:9)
  An orc knight (D:13)
  A manticore (D:13)
  Maurice (D:8)
  Psyche (D:9)
  2 gargoyles
  2 unseen horrors (D:12)
  6 kobold demonologists
  An efreet (D:13)
  2 trolls
  Grinder (D:3)
  Prince Ribbit (D:9)
  A blink frog (shapeshifter) (D:12)
  3 slime creatures (D:12)
  A human (D:13)
  A wraith (D:10)
  10 yaks
  Grum (D:8)
  A wyvern (D:9)
  17 vampire mosquitoes
  A swamp worm (D:9)
  An acid dragon (D:7)
  2 water moccasins
  A hornet zombie (D:7)
  8 orc warriors
  A sky beast (D:7)
  A black bear (D:7)
  An ice beast (D:6)
  4 wolves (D:8)
  7 centaurs
  2 phantoms (D:5)
  2 kobold brigands (D:9)
  2 gnoll sergeants
  5 bullfrogs
  2 scorpions
  A water moccasin zombie (D:6)
  6 howler monkeys
  3 wights (D:6)
  A bullfrog zombie (D:5)
  5 centaur zombies
  A bullfrog skeleton (D:4)
  11 orc priests
  A gnoll shaman (D:6)
  3 hounds
  An iguana (D:4)
  2 merfolk sirens (Sewer)
  21 orc wizards
  A merfolk avatar (Sewer)
  A killer bee zombie (D:8)
  A hound skeleton (D:4)
  A howler monkey zombie (D:5)
  2 howler monkey skeletons
  19 gnolls
  8 adders
  A river rat (Sewer)
  A shadow imp (D:4)
  3 white imps
  A worm (D:2)
  2 dart slugs (D:2)
  49 orcs
  19 ball pythons
  8 endoplasms
  5 giant cockroaches
  6 goblins
  5 hobgoblins
  6 jackals
  17 kobolds
  4 quokkas
  8 bats
  8 frilled lizards
  35 rats
370 creatures vanquished.

Vanquished Creatures (collateral kills)
  An orc (D:4)
1 creature vanquished.

Vanquished Creatures (others)
  5 humans (D:12)
  18 fungi (D:8)
  27 plants
50 creatures vanquished.

Grand Total: 421 creatures vanquished

Notes
Turn   | Place    | Note
-------+----------+-------------------------------------------
     0 | Abyss:1  | thirtiethelement the Demonspawn Abyssal Knight began the
                  | quest for the Orb.
     0 | Abyss:1  | Reached XP level 1. HP: 18/18 MP: 2/2
    79 | Abyss:2  | Found a shimmering altar of Xom.
    79 | Abyss:2  | Found a shimmering altar of Xom.
    80 | Abyss:2  | Found a shimmering altar of Xom.
    80 | Abyss:2  | Found a shimmering altar of Xom.
    81 | Abyss:2  | Found a shimmering altar of Xom.
    81 | Abyss:2  | Found a shimmering altar of Xom.
    82 | Abyss:2  | Found a corrupted altar of Lugonu.
    82 | Abyss:2  | Found a shimmering altar of Xom.
    82 | Abyss:2  | Found a shimmering altar of Xom.
    83 | Abyss:2  | Found a shimmering altar of Xom.
    83 | Abyss:2  | Found a shimmering altar of Xom.
    84 | Abyss:2  | Found a shimmering altar of Xom.
    89 | Abyss:2  | Found a corrupted altar of Lugonu.
   106 | Abyss:2  | Noticed a small abomination
   111 | Abyss:2  | Noticed a raiju
   111 | D:1      | Escaped the Abyss
   419 | D:1      | Reached * piety under Lugonu
   489 | D:1      | Reached skill level 1 in Dodging
   606 | D:1      | Gained mutation: You regenerate a little health from kills.
                  | [demonic ancestry]
   606 | D:1      | Reached XP level 2. HP: 23/24 MP: 3/3
   690 | D:1      | Found a faded altar of an unknown god.
  1554 | D:2      | Learned a level 1 spell: Freeze
  1576 | D:2      | Reached XP level 3. HP: 29/29 MP: 1/4
  2482 | D:2      | Reached ** piety under Lugonu
  2803 | D:2      | Reached XP level 4. HP: 28/37 MP: 1/5
  3262 | D:3      | Reached skill level 1 in Spellcasting
  3262 | D:3      | Reached skill level 1 in Ice Magic
  3556 | D:3      | Found a transporter.
  3586 | D:3      | Noticed a kobold demonologist
  3664 | D:3      | Found a transporter.
  3680 | D:3      | Noticed a red devil
  3681 | D:3      | Killed a kobold demonologist
  3682 | D:3      | Reached XP level 5. HP: 17/42 MP: 5/9
  3682 | D:3      | Gained mutation: Spells you cast may paralyse adjacent
                  | enemies. [demonic ancestry]
  3682 | D:3      | Reached XP level 6. HP: 20/48 MP: 5/10
  4216 | D:3      | Noticed Grinder
  4224 | D:3      | Reached skill level 1 in Stealth
  4482 | D:3      | Paralysed by Grinder for 2 turns
  4502 | D:3      | Killed Grinder
  4503 | D:3      | Gained mutation: You regenerate health from kills. [demonic
                  | ancestry]
  4503 | D:3      | Reached XP level 7. HP: 33/53 MP: 7/11
  4868 | D:4      | Reached *** piety under Lugonu
  4956 | D:4      | Found Homegg's Assorted Antiques.
  4968 | D:4      | Bought a scroll of identify for 36 gold pieces
  4968 | D:4      | Bought a blackened ivory wand for 72 gold pieces
  4968 | D:4      | Bought a sapphire potion for 16 gold pieces
  4968 | D:4      | Bought a scroll labelled VILAXKE JAIX for 18 gold pieces
  5019 | D:4      | Found a staircase to the Ecumenical Temple.
  5083 | D:4      | Found a glowing drain.
  5105 | D:4      | Learned a level 2 spell: Ensorcelled Hibernation
  5109 | D:4      | Learned a level 3 spell: Frozen Ramparts
  5110 | Sewer    | Entered a sewer
  5209 | Sewer    | Reached **** piety under Lugonu
  6015 | D:4      | Gained mutation: You have a somewhat thin skeletal
                  | structure. (Dex +2, Stealth+) [demonic ancestry]
  6015 | D:4      | Reached XP level 8. HP: 57/60 MP: 9/13
  6084 | D:5      | Entered Level 5 of the Dungeon
  6397 | D:5      | Identified a scroll of acquirement
  6397 | D:5      | Acquired the +11 triple crossbow "Anodoy" {freeze, Fragile
                  | rPois rF+}
  7499 | D:6      | Reached ***** piety under Lugonu
  7689 | D:6      | Found a sparkling altar of Nemelex Xobeh.
  7748 | D:6      | Reached XP level 9. HP: 63/67 MP: 10/15
  7754 | D:6      | Reached skill level 5 in Long Blades
  7757 | D:6      | Reached skill level 5 in Fighting
  8227 | D:6      | Found a broken altar of Ashenzari.
  8493 | D:7      | HP: 3/68 [hornet zombie (4)]
  8767 | D:7      | Reached skill level 5 in Spellcasting
  9258 | D:7      | Reached skill level 1 in Bows
  9472 | D:7      | Reached skill level 5 in Ice Magic
 10221 | D:8      | Reached XP level 10. HP: 61/76 MP: 15/18
 10478 | D:8      | Reached skill level 5 in Stealth
 10615 | D:8      | Noticed Maurice
 10644 | D:8      | Killed Maurice
 10957 | D:8      | Found a staircase to the Lair.
 11260 | D:8      | Noticed Grum
 11278 | D:8      | Killed Grum
 11356 | D:8      | Found a sacrificial altar of Ru.
 11358 | D:8      | Found a bloodstained altar of Trog.
 11358 | D:8      | Found an ornate altar of the Wu Jian Council.
 11615 | D:9      | Noticed Erolcha
 11628 | D:9      | Cast into level 1 of the Abyss (Erolcha)
 11647 | Abyss:1  | Noticed an Executioner
 11648 | D:9      | Escaped the Abyss
 11654 | D:9      | Killed Erolcha
 11655 | D:9      | Reached skill level 1 in Short Blades
 11728 | D:9      | Noticed Pikel
 11735 | D:9      | Killed Pikel
 11736 | D:9      | Reached XP level 11. HP: 57/81 MP: 16/21
 11950 | D:9      | Noticed Prince Ribbit
 11959 | D:9      | Killed Prince Ribbit
 12015 | D:9      | Found a blossoming altar of Fedhas.
 12332 | D:9      | Noticed Psyche
 12341 | D:9      | Killed Psyche
 12451 | D:10     | Entered Level 10 of the Dungeon
 12636 | D:10     | Identified the +6 trident of Beyond {elec, *Noise Will++
                  | Int+3 Stlth+}
 12796 | D:10     | Found a staircase to the Orcish Mines.
 13268 | D:11     | Noticed Gastronok
 13300 | D:11     | Killed Gastronok
 13301 | D:11     | Reached skill level 1 in Throwing
 13700 | D:11     | Noticed a two-headed ogre
 13709 | D:11     | Killed a two-headed ogre
 13948 | D:11     | Noticed a two-headed ogre
 13956 | D:11     | Killed a two-headed ogre
 14697 | D:12     | Noticed Sonja
 14718 | D:12     | Killed Sonja
 14719 | D:12     | Gained mutation: You have large cloven feet. [demonic
                  | ancestry]
 14719 | D:12     | Reached XP level 12. HP: 70/89 MP: 19/24
 14776 | D:12     | Noticed a two-headed ogre
 14784 | D:12     | Killed a two-headed ogre
 15546 | D:12     | Noticed Kirke
 15563 | D:12     | Killed Kirke
 15563 | D:12     | Reached ****** piety under Lugonu
 15928 | D:12     | Learned a level 3 spell: Ozocubu's Armour
 16270 | D:13     | Noticed a centaur warrior
 16358 | D:13     | Killed a centaur warrior
 17057 | D:13     | Noticed a rakshasa
 17075 | D:13     | Collided with a rock wall

Illustrated notes

Levels and vault maps discovered:
D:1:      dpeg_arrival_rooms_c, layout_basic, hellmonk_ecumenical_altar_zigzags,
          minmay_tetromino_s2
D:2:      minmay_recursive_quarters, layout_basic, minmay_rat_gold_closets
D:3:      gammafunk_wand_slinger, layout_loops_ring, uniq_grinder
D:4:      layout_cave_pools, minmay_temple_entry_gardened_gates, serial_shops,
          nicolae_shop_stone, portal_sewer_entry_c
D:5:      layout_basic, mainiacjoe_overflow_six_doors_small
D:6:      layout_cave_pods, mainiacjoe_overflow_large_starburst
D:7:      layout_gridville
D:8:      layout_loops_ring, minmay_overflow_temple_star_hex,
          grunt_lair_entry_orc_guard_hut, chequers_arboretum, uniq_maurice,
          uniq_grum
D:9:      layout_grid_maze, mainiacjoe_overflow_brackets, worms_lemuel,
          uniq_psyche, uniq_pikel, uniq_prince_ribbit1, uniq_erolcha
D:10:     layout_cross, orc_david_3
D:11:     layout_loops_ring, uniq_gastronok
D:12:     layout_cave_pods, serial_column_ruins, column_ruins_open_small,
          column_ruins_grid_1, column_ruins_open_tiny, column_ruins_grid_1,
          column_ruins_columns_corner, column_ruins_corridor_straight,
          column_ruins_grid_1, uniq_kirke, uniq_sonja
D:13:     layout_roguey, david_vaults_3, minmay_statue_crystal_thing

Skill      XL: |  1  2  3  4  5  6  7  8  9 10 11 12 |
---------------+-------------------------------------+-----
Dodging        | 1 2 3 4 |  4.4
Armour         | 2 3 4 |  4.5
Long Blades    | 2 3 4 6 |  6.2
Spellcasting   | 2 3 4 5 7 8 9 |  9.9
Ice Magic      | 2 3 4 5 6 8 9 |  9.6
Stealth        | 2 3 4 6 7 8 |  8.8
Fighting       | 4 5 6 |  6.6
Bows           | 2 4 |  4.1
Short Blades   | 1 2 3 |  3.2
Throwing       | 1 |  1.9
Unarmed Combat | |  0.2
Hexes          | |  0.2
Invocations    | |  2.6
Evocations     | |  0.9

Action                   |  1- 3 |  4- 6 |  7- 9 | 10-12 || total
-------------------------+-------+-------+-------+-------++-------
Melee: Falchion          |   118 |    50 |   421 |       ||   589
       Shortbow          |       |       |     4 |     3 ||     7
       Short sword       |       |       |       |   127 ||   127
       Unarmed           |       |       |       |     9 ||     9
       Kick              |       |       |       |     3 ||     3
 Fire: Shortbow          |       |       |    51 |    44 ||    95
Throw: Boomerang         |       |       |    11 |    32 ||    43
 Cast: Freeze            |    31 |    49 |    62 |   230 ||   372
       Frozen Ramparts   |       |       |    21 |    29 ||    50
       Ensorcelled Hiber |       |       |     3 |     2 ||     5
       Ozocubu's Armour  |       |       |       |     5 ||     5
Invok: Depart the Abyss  |     1 |       |       |     1 ||     2
       Bend Space        |       |       |     1 |       ||     1
Evoke: Wand              |       |     4 |     5 |       ||     9
  Use: Scroll            |     4 |     3 |    12 |     8 ||    27
       Potion            |       |       |     3 |     1 ||     4
 Stab: Paralysed         |       |    23 |    25 |    71 ||   119
       Sleeping          |       |     1 |     9 |    11 ||    21
Armor: Leather armour    |    81 |    33 |   247 |   149 ||   510
Dodge: Dodged            |   102 |    30 |   324 |   213 ||   669
       Rpst.: Falchion   |    38 |     9 |    82 |       ||   129
